[Event "Titled Tuesday Blitz July 05 Late 2022"]
[White "Tanenbaum, Zachary"]
[Black "Bobadilla Viera, Jorge Samuel"]
[WhiteFideId "2060850"]
[BlackFideId "3906353"]
[WhiteElo "2175"]
[BlackElo "2202"]
[Result "1-0"]
[Round "07"]
[TimeControl "180+1"]
[Date "2022.07.05"]
[WhiteClock "0:00:07"]
[BlackClock "0:00:01"]

1. e4 c5 2. Nf3 d6 3. d4 cxd4 4. Nxd4 Nf6 5. Nc3 a6 6. Be3 e5 7. Nb3 Be6 8. h3 Be7 9. f4 exf4 10. Bxf4 Nc6 11. Qe2 Nd7 12. O-O-O Nce5 13. Kb1 O-O 14. Qe3 b5 15. g4 b4 16. Nd5 a5 17. g5 a4 18. Nd4 Re8 19. Nxe7+ Qxe7 20. Nb5 Rec8 21. Nxd6 Rc6 22. Nf5 Bxf5 23. exf5 b3 24. cxb3 axb3 25. axb3 Qb4 26. Bg2 Qa5 27. Bxc6 Nxc6 28. Bd6 Qa2+ 29. Kc2 Rc8 30. Qc3 Nb4+ 31. Bxb4 Rxc3+ 32. Bxc3 Qa7 33. Rhe1 Qf2+ 34. Kc1 Qf4+ 35. Rd2 h6 36. gxh6 Qxh6 37. b4 Qf4 38. Rg1 f6 39. b5 Qxf5 40. Rdg2 g5 41. Rd2 Qxb5 42. Rgd1 Ne5 43. Rd5 Qe2 44. Bxe5 fxe5 45. R5d2 Qc4+ 46. Rc2 Qf4+ 47. Kb1 e4 48. Rd7 Qf1+ 49. Rc1 Qf8 50. Rcd1 e3 51. Rd8 1-0


[Site "https://www.chess.com"]

[Event "Titled Tuesday Blitz July 05 Late 2022"]
[White "Tari, Aryan"]
[Black "Eljanov, Pavel"]
[WhiteFideId "1510045"]
[BlackFideId "14102951"]
[WhiteElo "2612"]
[BlackElo "2601"]
[Result "1-0"]
[Round "07"]
[TimeControl "180+1"]
[Date "2022.07.05"]
[WhiteClock "0:01:04"]
[BlackClock "0:00:01"]

1. e4 c6 2. d4 d5 3. e5 Bf5 4. f4 e6 5. Nf3 Nd7 6. Be3 Ne7 7. Be2 Qb6 8. Qc1 Bg4 9. Nbd2 Nf5 10. Bf2 c5 11. c4 cxd4 12. cxd5 exd5 13. O-O Be7 14. Nxd4 Bxe2 15. Nxf5 Bc5 16. Nb3 Bxf2+ 17. Rxf2 O-O 18. Ne7+ Kh8 19. Nxd5 Qc6 20. Qxc6 bxc6 21. Rxe2 cxd5 22. Rc1 Nb6 23. Nd4 Nc4 24. b3 Na3 25. Rc5 Rfd8 26. Ra5 Nb1 27. Rc2 Rac8 28. Rxd5 g5 29. fxg5 1-0


[Site "https://www.chess.com"]

[Event "Titled Tuesday Blitz July 05 Late 2022"]
[White "Tica, Sven"]
[Black "Makarian, Rudik"]
[WhiteFideId "14526948"]
[BlackFideId "44105681"]
[WhiteElo "2346"]
[BlackElo "2403"]
[Result "0-1"]
[Round "07"]
[TimeControl "180+1"]
[Date "2022.07.05"]
[WhiteClock "0:01:12"]
[BlackClock "0:00:03"]

1. e4 d6 2. d4 Nf6 3. Bd3 e5 4. c3 Nc6 5. Ne2 d5 6. exd5 Qxd5 7. O-O exd4 8. cxd4 Bd6 9. Nbc3 Qh5 10. Bf4 O-O 11. Bxd6 cxd6 12. Ng3 Qxd1 13. Raxd1 a6 14. d5 Ne5 15. Bf5 g6 16. Bxc8 Raxc8 17. Nge4 Nxe4 18. Nxe4 Rfd8 19. Rc1 Rxc1 20. Rxc1 f5 21. Ng5 Rd7 22. Ne6 Kf7 23. Rc8 Nd3 24. f4 Nb4 25. Ng5+ Kg7 26. Ne6+ Kh6 27. Rd8 Rxd8 28. Nxd8 b5 29. g3 Nxa2 30. Nf7+ Kg7 31. Nxd6 Nb4 32. Ne8+ Kf8 33. Nc7 Ke7 34. Kf2 Kd6 35. Ne6 Nd3+ 36. Ke3 Nb4 37. Kd4 Nxd5 38. Nf8 Nc7 39. Nxh7 Ne6+ 40. Kc3 a5 41. Nf6 Kc5 42. Nd7+ Kd5 43. h4 b4+ 44. Kd3 Nc5+ 45. Ke3 Nxd7 0-1


[Site "https://www.chess.com"]

[Event "Titled Tuesday Blitz July 05 Late 2022"]
[White "Timofeev, Artyom"]
[Black "Shimanov, Aleksandr"]
[WhiteFideId "4140419"]
[BlackFideId "4198603"]
[WhiteElo "2578"]
[BlackElo "2605"]
[Result "0-1"]
[Round "07"]
[TimeControl "180+1"]
[Date "2022.07.05"]
[WhiteClock "0:00:02"]
[BlackClock "0:00:04"]

1. e4 d5 2. exd5 Qxd5 3. Nc3 Qe5+ 4. Be2 Bg4 5. d4 Bxe2 6. Ngxe2 Qa5 7. O-O Nf6 8. Rb1 e6 9. a3 Nbd7 10. b4 Qh5 11. Bf4 O-O-O 12. Qc1 Nb6 13. Bg3 Bd6 14. Bxd6 Rxd6 15. a4 Kb8 16. a5 Nbd5 17. Nxd5 exd5 18. Ng3 Qg6 19. Re1 h5 20. h3 h4 21. Nf1 Nh5 22. c3 Rf6 23. Qe3 Rc8 24. Nh2 Re6 25. Qf3 Rce8 26. Rf1 Re4 27. Rbd1 Nf4 28. Ng4 f6 29. Kh2 Qg5 30. Ne3 a6 31. Qg4 Qxg4 32. hxg4 c6 33. Nf5 Rg8 34. Rfe1 Kc7 35. f3 Rxe1 36. Rxe1 Kd8 37. Nd6 Kc7 38. Nf5 Kd8 39. g3 hxg3+ 40. Kxg3 g5 41. Re7 Rh8 42. Rxb7 Rh3+ 43. Kf2 Rh2+ 44. Kf1 Rc2 45. Rb6 Rxc3 46. Rxa6 Kc7 47. Ra7+ Kb8 48. Rf7 Rxf3+ 49. Kg1 Rb3 50. a6 Rxb4 51. Rxf6 Rb6 52. Ne7 Kc7 53. a7 Rb1+ 54. Kf2 Ra1 55. Nf5 Rxa7 56. Rf7+ Kb6 57. Rxa7 Kxa7 58. Ne7 Kb6 59. Ke3 Kb5 60. Nf5 c5 61. dxc5 Kxc5 62. Ne7 d4+ 63. Ke4 d3 64. Nf5 d2 65. Ne3 Kb4 66. Nd1 Kb3 67. Kf5 Nd5 68. Kxg5 Kc2 69. Nf2 Nc3 70. Kf4 Ne2+ 71. Kf3 Ng1+ 0-1


[Site "https://www.chess.com"]

[Event "Titled Tuesday Blitz July 05 Late 2022"]
[White "Van der Velden, Bram"]
[Black "Issani, Nameer"]
[WhiteFideId "1015753"]
[BlackFideId "2619130"]
[WhiteElo "2155"]
[BlackElo "2634"]
[Result "1-0"]
[Round "07"]
[TimeControl "180+1"]
[Date "2022.07.06"]
[WhiteClock "0:00:15"]
[BlackClock "0:00:29"]

1. d4 Nf6 2. c4 e6 3. Nc3 Bb4 4. Nf3 O-O 5. Qc2 d5 6. a3 Be7 7. Bg5 Nbd7 8. e3 c6 9. cxd5 exd5 10. Bd3 h6 11. Bh4 Re8 12. O-O Ne4 13. Bxe7 Qxe7 14. b4 f5 15. b5 Qf6 16. bxc6 bxc6 17. Na4 Rb8 18. Rab1 Rxb1 19. Rxb1 Qd6 20. Qb3 Ndf6 21. Ne5 Nd2 22. Qb4 Qxb4 23. Rxb4 Ng4 24. Nxc6 f4 25. h3 Bd7 26. hxg4 Bxc6 27. exf4 Re1+ 28. Kh2 Ne4 29. Bxe4 Rxe4 30. Kg3 a5 31. Rb8+ Kh7 32. Nc5 Rxd4 33. Rc8 Bb5 34. Rc7 Rd1 35. Ne6 Rd3+ 36. f3 Rxa3 37. Rxg7+ Kh8 38. Rb7 Bc4 39. f5 Re3 40. Nf4 a4 41. f6 d4 42. Ng6+ Kg8 43. Rg7# 1-0


[Site "https://www.chess.com"]

[Event "Titled Tuesday Blitz July 05 Late 2022"]
[White "Veiga, Jose Francisco R P Neves"]
[Black "Gong, Patrick"]
[WhiteFideId "1930087"]
[BlackFideId "3222500"]
[WhiteElo "2288"]
[BlackElo "2103"]
[Result "1-0"]
[Round "07"]
[TimeControl "180+1"]
[Date "2022.07.05"]
[WhiteClock "0:00:14"]
[BlackClock "0:00:03"]

1. Nf3 g6 2. d4 Bg7 3. e4 d6 4. h3 Nf6 5. Nc3 O-O 6. Be3 a6 7. a4 Nc6 8. Be2 e5 9. dxe5 dxe5 10. O-O h6 11. Bc4 Be6 12. Bxe6 fxe6 13. Qe2 Qe7 14. Qc4 Rfe8 15. Rfd1 Rad8 16. Bc5 Qf7 17. b4 Nd7 18. Be3 Nb6 19. Qb3 Nd4 20. Bxd4 exd4 21. a5 dxc3 22. axb6 cxb6 23. e5 Rc8 24. Rd6 Bf8 25. Rxb6 Qd7 26. Re1 Rc6 27. Rxc6 Qxc6 28. Re3 Rc8 29. Nd4 Qd5 30. Rxc3 Qxb3 31. Rxb3 Be7 32. Nxe6 Rxc2 33. g3 Rc4 34. Nc5 Bxc5 35. bxc5 Rxc5 36. Rxb7 Rxe5 37. Rb6 Kg7 38. Rxa6 h5 39. Kg2 Rb5 40. h4 Rb4 41. Ra7+ Kh6 42. Ra5 Rb3 43. Ra4 Rc3 44. Re4 Rb3 45. Re3 Rb4 46. Kf3 Ra4 47. Re4 Ra2 48. Ke3 Rb2 49. f3 Rb3+ 50. Kf4 Rc3 51. g4 hxg4 52. fxg4 Rh3 53. Re8 Kg7 54. Kg5 Kf7 55. Ra8 Rh1 56. Ra7+ Kf8 57. Kf6 Ke8 58. Rh7 Rg1 59. g5 Ra1 60. Kxg6 Kf8 61. Rb7 Ra6+ 62. Kh7 Ra5 63. Kh6 Ra6+ 64. g6 Rc6 65. Rb8+ Ke7 66. h5 Rc7 67. g7 Rc6+ 68. Kh7 Rc5 69. h6 1-0


[Site "https://www.chess.com"]

[Event "Titled Tuesday Blitz July 05 Late 2022"]
[White "Vovk, Orest"]
[Black "Arabidze, Meri"]
[WhiteFideId "14113490"]
[BlackFideId "13604040"]
[WhiteElo "2203"]
[BlackElo "2335"]
[Result "0-1"]
[Round "07"]
[TimeControl "180+1"]
[Date "2022.07.06"]
[WhiteClock "0:00:01"]
[BlackClock "0:00:05"]

1. h4 d5 2. h5 h6 3. e4 dxe4 4. Nc3 Nf6 5. Qe2 Nc6 6. Nxe4 e5 7. Nxf6+ Qxf6 8. Qf3 Be7 9. Qxf6 Bxf6 10. d3 Nd4 11. Kd1 Bg4+ 12. Be2 Nxe2 13. Nxe2 O-O-O 14. f3 Be6 15. Be3 a6 16. Ke1 e4 17. dxe4 Bxb2 18. Rb1 Ba3 19. Kf2 b5 20. Nd4 Bc4 21. Nb3 Bb4 22. Rhd1 Rd6 23. Rxd6 Bxd6 24. g4 Rd8 25. f4 f6 26. Kf3 Bb4 27. Nd4 Bc3 28. Nb3 a5 29. a3 a4 30. Nc5 c6 31. Na6 Kb7 32. Nc5+ Kc8 33. Na6 Ba2 34. Rg1 Bf7 35. Nb4 Bxb4 36. axb4 a3 37. Ra1 a2 38. Ke2 Bc4+ 39. Kf3 Kb7 40. g5 fxg5 41. fxg5 Rf8+ 42. Kg4 hxg5 43. Bxg5 Rf1 44. Bc1 Rg1+ 45. Kf4 Rh1 46. Bb2 Rxh5 47. Bxg7 Rh4+ 48. Kf5 Rh2 49. e5 Rxc2 50. e6 Rf2+ 51. Ke5 Re2+ 52. Kd4 Bxe6 53. Kc5 Bc4 54. Bd4 Rg2 55. Kd6 Rg6+ 56. Kd7 Rg4 57. Bc5 Rg2 58. Kd6 Rd2+ 59. Ke7 Re2+ 60. Kd6 Rb2 61. Re1 Rd2+ 62. Ke7 Bd3 63. Ke6 Bb1 0-1


[Site "https://www.chess.com"]

[Event "Titled Tuesday Blitz July 05 Late 2022"]
[White "Wieczorek, Oskar"]
[Black "Maghsoodloo, Parham"]
[WhiteFideId "1133950"]
[BlackFideId "12539929"]
[WhiteElo "2330"]
[BlackElo "2607"]
[Result "0-1"]
[Round "07"]
[TimeControl "180+1"]
[Date "2022.07.05"]
[WhiteClock "0:00:32"]
[BlackClock "0:01:11"]

1. e4 c5 2. Nf3 d6 3. d4 cxd4 4. Nxd4 Nf6 5. Nc3 a6 6. h4 h6 7. f3 e5 8. Nb3 Be6 9. Be3 Nbd7 10. Qd2 b5 11. O-O-O Rc8 12. Kb1 Nb6 13. g4 b4 14. Nd5 Nbxd5 15. exd5 Nxd5 16. Bxa6 Nxe3 17. Qxe3 Rb8 18. f4 Qb6 19. Qe2 Be7 20. f5 Bd7 21. Bc4 Bc6 22. Rhg1 Bxh4 23. Nd4 Bd7 24. Ne6 fxe6 25. fxe6 Bb5 26. Bxb5+ Qxb5 27. Qe4 O-O 0-1


[Site "https://www.chess.com"]

[Event "Titled Tuesday Blitz July 05 Late 2022"]
[White "Xiong, Jeffery"]
[Black "Riehle, Marco"]
[WhiteFideId "2047640"]
[BlackFideId "12904392"]
[WhiteElo "2714"]
[BlackElo "2462"]
[Result "0-1"]
[Round "07"]
[TimeControl "180+1"]
[Date "2022.07.05"]
[WhiteClock "0:01:20"]
[BlackClock "0:00:30"]

1. e4 e5 2. Nf3 Nf6 3. Nc3 Nc6 4. d4 exd4 5. Nxd4 Nxe4 6. Nxe4 Qe7 7. Bd3 Nxd4 8. O-O d5 9. Bc4 dxc4 10. Qxd4 Be6 11. Re1 Qd7 12. Qc3 O-O-O 13. Bg5 f6 14. Nxf6 gxf6 15. Bxf6 Rg8 16. Bxd8 Qd5 17. f3 Bc5+ 18. Kh1 Rxd8 19. Qe5 Bf7 20. Qxd5 Rxd5 21. Rad1 Rxd1 22. Rxd1 c3 23. bxc3 Bxa2 24. g4 a5 25. Ra1 Bd5 26. Kg2 b6 27. Kg3 Kd7 28. f4 Bd6 29. h4 Be4 30. h5 Bxc2 31. Kf3 a4 32. g5 Ke6 33. Re1+ Kf7 0-1


[Site "https://www.chess.com"]

[Event "Titled Tuesday Blitz July 05 Late 2022"]
[White "Yuan, Qingyu"]
[Black "Shuvalova, Polina"]
[WhiteFideId "8609772"]
[BlackFideId "24171760"]
[WhiteElo "2359"]
[BlackElo "2330"]
[Result "0-1"]
[Round "07"]
[TimeControl "180+1"]
[Date "2022.07.05"]
[WhiteClock "0:00:01"]
[BlackClock "0:01:20"]

1. e4 c6 2. Nf3 d5 3. Nc3 Bg4 4. h3 Bxf3 5. Qxf3 e6 6. Be2 Nf6 7. O-O Be7 8. exd5 cxd5 9. d4 Nc6 10. Be3 O-O 11. Rfc1 Qb6 12. Rab1 Nxd4 13. Qf4 Nxe2+ 14. Nxe2 Qd6 15. Qf3 Rac8 16. c4 Qd7 17. b3 dxc4 18. bxc4 b6 19. Bd4 h6 20. Be5 Rfd8 21. Nf4 Qc6 22. Qg3 Qe4 23. Re1 Qf5 24. Rbc1 Rc5 25. Bb2 Rdc8 26. Nd3 Rxc4 27. Rxc4 Rxc4 28. Re5 Qg6 29. Qxg6 fxg6 30. Rxe6 Kf7 31. Re2 Rc8 32. Ne5+ Kg8 33. Nxg6 Bc5 34. Bxf6 gxf6 35. g3 Kf7 36. Nf4 Rd8 37. Kg2 Rd1 38. Kf3 Ra1 39. Kg4 a5 40. Kf5 Rd1 41. Re6 Rd2 42. Rxf6+ Kg8 43. Rxh6 Rxf2 44. a4 Rf3 45. Rg6+ Kf7 46. h4 Be3 47. h5 Rf1 48. Rf6+ Kg8 49. Kg6 Rg1 50. Ne2 Rg2 51. Nc3 Rxg3+ 52. Kf5 Bd4 53. Ne4 Rf3+ 54. Kg4 Rxf6 55. Nxf6+ Bxf6 56. Kf5 Bc3 57. Kg6 Kh8 58. Kh6 Bd4 59. Kg6 Be3 60. Kf5 Kh7 0-1


[Site "https://www.chess.com"]

[Event "Titled Tuesday Blitz July 05 Late 2022"]
[White "Yurasova, Daria"]
[Black "Estrada Nieto, Julian"]
[WhiteFideId "34146919"]
[BlackFideId "5101018"]
[WhiteElo "2021"]
[BlackElo "2252"]
[Result "0-1"]
[Round "07"]
[TimeControl "180+1"]
[Date "2022.07.06"]
[WhiteClock "0:00:01"]
[BlackClock "0:00:01"]

1. e4 e5 2. Nf3 Nc6 3. Bc4 Bc5 4. d3 d6 5. Nc3 Nf6 6. h3 Na5 7. Bb3 Nxb3 8. axb3 h6 9. Be3 Bb4 10. Qe2 d5 11. exd5 Nxd5 12. Bd2 O-O 13. O-O-O Nxc3 14. Bxc3 Bxc3 15. bxc3 Re8 16. g4 Qd6 17. g5 Bf5 18. gxh6 Qxh6+ 19. Qe3 Qxe3+ 20. fxe3 f6 21. e4 Be6 22. h4 Bg4 23. Rdf1 Bxf3 24. Rxf3 Kh7 25. h5 a5 26. h6 Rh8 27. hxg7+ Kxg7 28. Rg1+ Kf7 29. Rgf1 Rh6 30. d4 Re8 31. d5 Rg8 32. c4 Rg4 33. Re3 Rhh4 34. Rfe1 Ke7 35. c5 Rg2 36. R3e2 Rhh2 37. Rxg2 Rxg2 38. Kb2 Rd2 39. Kc3 Rd4 40. Kb2 b6 41. cxb6 cxb6 42. Re2 b5 43. c3 Rd1 44. Kc2 Ra1 45. Kd3 Ra3 46. Rb2 Kd6 47. Kc2 Kc5 48. Kd3 Ra1 49. Rf2 Rd1+ 50. Kc2 Re1 51. Kd3 Rd1+ 52. Kc2 Re1 53. Kd3 a4 54. bxa4 bxa4 55. Rxf6 Kb5 56. c4+ Kb4 57. Rb6+ Ka3 58. Rb8 Ka2 59. c5 a3 60. Kd2 Rb1 61. Ra8 Rb4 62. Kd3 Rd4+ 63. Kc3 Rxe4 64. c6 Re3+ 65. Kc4 Re1 66. d6 Rc1+ 67. Kd5 Kb2 68. d7 a2 69. Kxe5 Re1+ 70. Kd6 Rd1+ 0-1


[Site "https://www.chess.com"]

[Event "Titled Tuesday Blitz July 05 Late 2022"]
[White "Zajic, Milan"]
[Black "Maksimovic, Bojan"]
[WhiteFideId "912336"]
[BlackFideId "14408120"]
[WhiteElo "2445"]
[BlackElo "2453"]
[Result "0-1"]
[Round "07"]
[TimeControl "180+1"]
[Date "2022.07.05"]
[WhiteClock "0:00:06"]
[BlackClock "0:00:13"]

1. e4 e5 2. Nf3 Nc6 3. Bb5 a6 4. Ba4 Nf6 5. O-O b5 6. Bb3 Be7 7. a4 Bb7 8. d3 O-O 9. Nc3 b4 10. Nd5 d6 11. a5 Rb8 12. c3 Bc8 13. Ba4 bxc3 14. bxc3 Bd7 15. Nxe7+ Nxe7 16. Bc2 Ng6 17. h3 h6 18. d4 Bb5 19. Re1 Re8 20. Kh2 Qd7 21. Rb1 Qc6 22. Bd2 Rbd8 23. d5 Qa8 24. Be3 c5 25. Nd2 Rb8 26. c4 Bd7 27. Qe2 Qa7 28. Rb3 Rxb3 29. Bxb3 Qc7 30. Ra1 Rb8 31. Qd3 Nf4 32. Qc3 Ne2 33. Qd3 Nd4 34. Bd1 Rb4 35. g4 Nh7 36. h4 Nf8 37. g5 hxg5 38. hxg5 Ng6 39. Bh5 Nf4 40. Bxf4 exf4 41. Kg2 Qd8 42. Nf3 Nxf3 43. Bxf3 Qxg5+ 44. Kf1 Bh3+ 45. Ke2 Rb2+ 46. Kd1 Qg1+ 0-1


[Site "https://www.chess.com"]

[Event "Titled Tuesday Blitz July 05 Late 2022"]
[White "Arabidze, Meri"]
[Black "Vasquez Schroeder, Rodrigo"]
[WhiteFideId "13604040"]
[BlackFideId "3400042"]
[WhiteElo "2335"]
[BlackElo "2567"]
[Result "0-1"]
[Round "08"]
[TimeControl "180+1"]
[Date "2022.07.05"]
[WhiteClock "0:00:06"]
[BlackClock "0:00:48"]

1. Nf3 c5 2. g3 b6 3. Bg2 Bb7 4. O-O Nf6 5. d3 d6 6. e4 Nc6 7. c4 g6 8. Nc3 Bg7 9. h3 Nd7 10. Be3 Nde5 11. Ne1 Nd4 12. f4 Nec6 13. Nf3 O-O 14. Nh4 f5 15. exf5 gxf5 16. Re1 e6 17. Kh2 Qd7 18. Rb1 Rae8 19. a3 Nd8 20. b4 Bf6 21. Bxd4 cxd4 22. Ne2 Bxh4 23. gxh4 e5 24. Bxb7 Qxb7 25. fxe5 dxe5 26. Ng3 Ne6 27. Rxe5 Nf4 28. Qf1 Rxe5 29. Qxf4 Qe7 30. Rg1 Kh8 31. Qxd4 Rd8 32. Qc3 Qf6 33. d4 Re7 34. Qf3 Qxd4 35. Nxf5 Qe5+ 36. Kh1 Rf7 37. Rg5 Rdf8 0-1


[Site "https://www.chess.com"]

[Event "Titled Tuesday Blitz July 05 Late 2022"]
[White "Barria Zuniga, Daniel"]
[Black "Vakhlamov, Igor L."]
[WhiteFideId "3400816"]
[BlackFideId "24126748"]
[WhiteElo "2414"]
[BlackElo "2401"]
[Result "1-0"]
[Round "08"]
[TimeControl "180+1"]
[Date "2022.07.05"]
[WhiteClock "0:00:24"]
[BlackClock "0:00:25"]

1. d4 d5 2. c4 e6 3. Nf3 Nf6 4. Nc3 c5 5. Bg5 cxd4 6. Qxd4 Nc6 7. Bxf6 gxf6 8. Qh4 d4 9. O-O-O e5 10. e3 Rg8 11. h3 Bc5 12. Nd5 Rg6 13. Bd3 f5 14. exd4 Bxd4 15. Qxh7 Be6 16. Nxd4 Nxd4 17. Qh8+ Kd7 18. Qxe5 Nc6 19. Qe3 Rxg2 20. Nf4 Qg5 21. Bxf5+ Kc7 22. Bxe6 Re8 23. Rd7+ Kb8 24. Nxg2 Qg6 25. Qg3+ Qxg3 26. fxg3 Rxe6 27. h4 Re2 28. Nf4 Re3 29. h5 Ne5 30. Rd5 Nxc4 31. h6 Re8 32. h7 Rh8 33. Rg5 Kc7 34. Rg8 Rxh7 35. Rxh7 Kc6 36. Rxf7 a5 37. Rc8+ Kb5 38. Rxc4 Kxc4 39. Rxb7 a4 40. a3 Kd4 41. Rb4+ Ke3 42. Rxa4 Kf3 43. Nh3 Kg2 44. Ng1 Kf2 45. Rc4 Ke3 46. Rc3+ Kd4 47. Nh3 Ke4 48. Nf2+ Kf5 49. Nh1 Ke5 50. Kd2 Ke4 51. Ke2 Kf5 52. Kf2 Kg4 53. Kg2 Kf5 54. Kf3 Ke5 55. Rc4 Kd5 56. Re4 Kc5 57. Ke3 Kd5 58. Nf2 Kd6 59. g4 Kd5 60. g5 Kc5 61. g6 Kd5 62. g7 Kd6 63. g8=Q Kd7 64. Qg4+ Kd6 65. Qg3+ Kc5 66. Rg4 Kd5 67. Qh3 Ke6 68. Qh6+ Kf5 69. Qh5+ Kf6 70. Rg6+ Kf7 71. Qh7+ Kf8 72. Rg8# 1-0


[Site "https://www.chess.com"]

[Event "Titled Tuesday Blitz July 05 Late 2022"]
[White "Bernal Moro, Luis Javier"]
[Black "Arnold, Ken"]
[WhiteFideId "2200236"]
[BlackFideId "2056836"]
[WhiteElo "2376"]
[BlackElo "2293"]
[Result "1-0"]
[Round "08"]
[TimeControl "180+1"]
[Date "2022.07.06"]
[WhiteClock "0:00:15"]
[BlackClock "0:00:02"]

1. c4 e6 2. Nc3 d5 3. d4 Nf6 4. cxd5 exd5 5. Bg5 c6 6. Qc2 Bd6 7. e3 Be6 8. Bd3 Nbd7 9. f4 h6 10. Bh4 g5 11. Bg3 Nb6 12. Nge2 Ng4 13. Qd2 Qe7 14. O-O Bd7 15. Nd1 O-O 16. h3 Nf6 17. fxg5 hxg5 18. Bxd6 Qxd6 19. Ng3 Qxg3 20. Rxf6 Rae8 21. Qf2 Qxf2+ 22. Kxf2 Kg7 23. Rf3 Re7 24. Nc3 Rfe8 25. Re1 Nc8 26. Rg3 f6 27. h4 Rf8 28. hxg5 fxg5+ 29. Ke2 g4 30. Rh1 Rh8 31. Rxh8 Kxh8 32. Nd1 Nd6 33. Nf2 Nf5 34. Bxf5 Bxf5 35. Nxg4 Rg7 36. Kf3 Be4+ 37. Kf2 Bf5 38. Ne5 Bb1 39. Rxg7 Kxg7 40. a3 Kf6 41. Kg3 a6 42. Kf4 Ke6 43. g4 Kd6 44. b4 b6 45. g5 c5 46. bxc5+ bxc5 47. dxc5+ Kxc5 48. g6 d4 49. e4 Ba2 50. g7 Bg8 51. Nd7+ Kc4 52. Nf6 Bf7 53. e5 d3 54. Ke3 1-0


[Site "https://www.chess.com"]

[Event "Titled Tuesday Blitz July 05 Late 2022"]
[White "Bobadilla Viera, Jorge Samuel"]
[Black "Zajic, Milan"]
[WhiteFideId "3906353"]
[BlackFideId "912336"]
[WhiteElo "2202"]
[BlackElo "2445"]
[Result "0-1"]
[Round "08"]
[TimeControl "180+1"]
[Date "2022.07.05"]
[WhiteClock "0:01:01"]
[BlackClock "0:00:12"]

1. e4 c5 2. Nc3 Nc6 3. d4 cxd4 4. Nb5 e5 5. c3 a6 6. Na3 b5 7. Nf3 Bxa3 8. bxa3 dxc3 9. Qb3 Nf6 10. Qxc3 Nxe4 11. Qe3 d5 12. Bd3 f5 13. Bb2 O-O 14. O-O d4 15. Qe2 Be6 16. Rac1 Bd5 17. Rfd1 Qd6 18. a4 Nb4 19. axb5 Nxd3 20. Qxd3 axb5 21. a3 Bc4 22. Qb1 Kh8 23. Re1 Qd5 24. Rcd1 Ra6 25. Nxd4 exd4 26. Bxd4 Qf7 27. Qb2 Rg6 28. f3 Ng5 29. Kh1 h6 30. Be5 Kh7 31. Rd2 Re8 32. Red1 Rge6 33. f4 Ne4 34. Rd7 R6e7 35. R7d4 Qh5 36. Kg1 Qg4 37. Re1 Ng5 38. Qc3 Ne6 39. h3 Qh4 40. Bd6 Nxd4 41. Bxe7 Rxe7 42. Rxe7 Nf3+ 43. Qxf3 Qxe7 44. Kh2 Qe4 45. Qg3 Bd5 46. Qf2 h5 47. Qd2 h4 48. Qf2 Kg8 49. Qd2 g6 50. Qf2 Kf7 51. Qd2 Ke6 52. Qf2 Qxg2+ 53. Qxg2 Bxg2 54. Kxg2 Kd5 55. Kf3 Kd4 0-1


[Site "https://www.chess.com"]

[Event "Titled Tuesday Blitz July 05 Late 2022"]
[White "Bortnyk, Olexandr"]
[Black "Ibarra Jerez, Jose Carlos"]
[WhiteFideId "14120828"]
[BlackFideId "2226332"]
[WhiteElo "2723"]
[BlackElo "2628"]
[Result "1-0"]
[Round "08"]
[TimeControl "180+1"]
[Date "2022.07.05"]
[WhiteClock "0:00:31"]
[BlackClock "0:00:18"]

1. d4 Nf6 2. Nc3 d5 3. Bf4 c5 4. e4 Nxe4 5. Nxe4 dxe4 6. d5 Qb6 7. Ne2 g6 8. Be5 f6 9. Bc3 Rg8 10. Ng3 f5 11. Bc4 Bg7 12. d6 e6 13. Qd2 Nc6 14. Bxg7 Rxg7 15. O-O-O Bd7 16. Qg5 Qd8 17. Qh6 Rf7 18. f3 exf3 19. Rhe1 Qf6 20. Bxe6 Bxe6 21. Nh5 Qh4 22. Ng7+ 1-0


[Site "https://www.chess.com"]

[Event "Titled Tuesday Blitz July 05 Late 2022"]
[White "Chernobay, Artem"]
[Black "Jeet, Jain"]
[WhiteFideId "4167406"]
[BlackFideId "5073022"]
[WhiteElo "2473"]
[BlackElo "2055"]
[Result "1-0"]
[Round "08"]
[TimeControl "180+1"]
[Date "2022.07.05"]
[WhiteClock "0:00:35"]
[BlackClock "0:00:44"]

1. d4 Nf6 2. c4 g6 3. Nc3 Bg7 4. e4 d6 5. Nf3 O-O 6. Be2 Na6 7. O-O Bg4 8. Be3 Bxf3 9. Bxf3 c5 10. e5 cxd4 11. exf6 Bxf6 12. Bxd4 Bxd4 13. Qxd4 Nc5 14. Rfe1 Rc8 15. b3 Qa5 16. b4 Qxb4 17. Nd5 e5 18. Qh4 Qb2 19. Qf6 Rce8 20. Qxd6 b6 21. Nf6+ Kg7 22. Nxe8+ Rxe8 23. h3 e4 24. Rad1 Re6 25. Qd4+ Qxd4 26. Rxd4 exf3 27. Rxe6 Nxe6 28. Rd7 fxg2 29. Rxa7 Nf4 30. Rb7 h5 31. Rxb6 g5 32. f3 f5 33. Rb2 h4 34. Rxg2 Nxg2 35. Kxg2 Kf6 36. a4 Ke6 37. a5 Kd6 38. a6 Kc6 39. c5 Kc7 40. f4 gxf4 41. Kf3 Kb8 42. c6 Ka8 43. c7 Ka7 44. c8=Q Kb6 45. Qb7+ 1-0


[Site "https://www.chess.com"]

[Event "Titled Tuesday Blitz July 05 Late 2022"]
[White "D`Arruda, Ricardo D."]
[Black "Aggelis, Nikolaos"]
[WhiteFideId "100692"]
[BlackFideId "4213220"]
[WhiteElo "2456"]
[BlackElo "2154"]
[Result "1/2-1/2"]
[Round "08"]
[TimeControl "180+1"]
[Date "2022.07.06"]
[WhiteClock "0:00:14"]
[BlackClock "0:00:05"]

1. d4 Nf6 2. Nf3 e6 3. g3 d5 4. Bg2 c5 5. O-O Nc6 6. c4 cxd4 7. Nxd4 Bc5 8. Nb3 Bb6 9. Nc3 d4 10. Na4 e5 11. f4 e4 12. f5 O-O 13. Bg5 Re8 14. Rf4 h6 15. Bxf6 Qxf6 16. Nxb6 axb6 17. Rxe4 Bxf5 18. Rxe8+ Rxe8 19. Qd2 Qe5 20. Rf1 Bg4 21. Bd5 Re7 22. Qf4 Bxe2 23. Bxf7+ Kh7 24. Re1 d3 25. Bd5 Qxf4 26. gxf4 Ne5 27. fxe5 Rxe5 28. Kf2 Rf5+ 29. Ke3 Rh5 30. Rh1 Rh3+ 31. Kd2 g5 32. Nd4 Bg4 33. Bg2 Rh4 34. h3 Bh5 35. Nf5 Rxc4 36. Kxd3 Rf4 37. Be4 Bg6 38. Nd6 Bxe4+ 39. Nxe4 Rf3+ 40. Ke2 Rf4 41. Nc3 Kg6 42. Nd5 Rd4 43. Nxb6 Rb4 44. Nd5 Rxb2+ 45. Ke3 Rxa2 46. Kd4 Rb2 47. Ne3 h5 48. Rg1 Rb4+ 49. Ke5 g4 50. hxg4 hxg4 51. Rxg4+ Rxg4 52. Nxg4 Kf7 53. Kd6 Kg6 54. Kc5 Kg5 55. Kb6 Kh4 56. Kxb7 1/2-1/2


[Site "https://www.chess.com"]

[Event "Titled Tuesday Blitz July 05 Late 2022"]
[White "Deviprasath, Sharvesh"]
[Black "Tokhirjonova, Gulrukhbegim"]
[WhiteFideId "30938228"]
[BlackFideId "14203626"]
[WhiteElo "2102"]
[BlackElo "2227"]
[Result "0-1"]
[Round "08"]
[TimeControl "180+1"]
[Date "2022.07.06"]
[WhiteClock "0:00:03"]
[BlackClock "0:00:11"]

1. Nf3 d5 2. c4 e6 3. e3 Nf6 4. Nc3 Be7 5. b3 O-O 6. Bb2 c5 7. cxd5 exd5 8. d4 cxd4 9. Nxd4 Nc6 10. Be2 Bc5 11. Nxc6 bxc6 12. Rc1 Bd6 13. O-O Qe7 14. Na4 Bd7 15. Bd4 Ne4 16. Bd3 f5 17. Qc2 f4 18. f3 Ng5 19. Rfe1 Qf7 20. e4 dxe4 21. Bc4 Be6 22. Bxe6 Qxe6 23. Qxc6 e3 24. Nc5 Qh6 25. Nd7 Rfd8 26. Rcd1 Qg6 27. Kh1 Rac8 28. Qd5+ Nf7 29. Qb5 a6 30. Qa4 Qe6 31. Nb6 Rc2 32. Nc4 Qg6 33. Rg1 Be7 34. Qxa6 Qxa6 0-1


[Site "https://www.chess.com"]

[Event "Titled Tuesday Blitz July 05 Late 2022"]
[White "Diaz Perez, Michel Alejandro"]
[Black "Van der Velden, Bram"]
[WhiteFideId "3517179"]
[BlackFideId "1015753"]
[WhiteElo "2313"]
[BlackElo "2155"]
[Result "1-0"]
[Round "08"]
[TimeControl "180+1"]
[Date "2022.07.05"]
[WhiteClock "0:01:56"]
[BlackClock "0:00:32"]

1. d4 d5 2. c4 e6 3. Nf3 a6 4. Qc2 c5 5. dxc5 Bxc5 6. cxd5 Qxd5 7. Nc3 Qh5 8. a3 Nc6 9. Bf4 Nf6 10. e3 O-O 11. Be2 Qg6 12. Qxg6 hxg6 13. Rc1 Be7 14. Ne5 Nxe5 15. Bxe5 Bd7 16. Bf3 Bc6 17. Bxc6 bxc6 18. Ke2 Nd7 19. Bg3 Nb6 20. Ne4 f5 21. Rxc6 Na4 22. Rxe6 Kf7 23. Rxe7+ Kxe7 24. Bd6+ Ke6 25. Bxf8 Rxf8 26. Ng5+ Ke7 27. Rc1 Rb8 28. b4 Kf6 29. h4 1-0


[Site "https://www.chess.com"]